BR (22 & UNDER)
RANCHO CUCAMONGA SICK MONKEYS @ PUNTA CANA HUTIAS
08/13/2028
 
TOP OF THE 1ST
Rancho Cucamonga Sick Monkeys batting - Pitching for Punta Cana Hutias : RHP Jeff McIntosh
Pitching: RHP Jeff McIntosh
Batting: RHB José Sosa 0-0: Called Strike
0-1: Fly out, F3 (Popup, 34)
Batting: LHB José Esparza 0-0: Ball
1-0: Ball
2-0: Ball
3-0: Base on Balls
Batting: LHB Carl Hayden 0-0: Ball
1-0: Ball
2-0: Foul Ball, location: 2F
2-1: Swinging Strike
2-2: Foul Ball, location: 2F
2-2: Ball
3-2: Ground out 6-3 (Groundball, 6)
José Esparza to second
Batting: LHB Paul Holcomb 0-0: Ground out 4-3 (Groundball, 4)
Top of the 1st over - 0 run(s), 0 hit(s), 0 error(s), 1 left on base; Rancho Cucamonga 0 - Punta Cana 0
BOTTOM OF THE 1ST
Punta Cana Hutias batting - Pitching for Rancho Cucamonga Sick Monkeys : LHP Elmer Ramírez
Pitching: LHP Elmer Ramírez
Batting: RHB Argan Kamuliva 0-0: Called Strike
0-1: Swinging Strike
0-2: Ball
1-2: Fly out, F9 (Flyball, 9S)
Batting: RHB Ricardo Murillo 0-0: Ball
1-0: Called Strike
1-1: Called Strike
1-2: Strikes out swinging
Batting: RHB Mike Martínez 0-0: Ground out 5-3 (Groundball, 5L)
Bottom of the 1st over - 0 run(s), 0 hit(s), 0 error(s), 0 left on base; Rancho Cucamonga 0 - Punta Cana 0
TOP OF THE 2ND
Rancho Cucamonga Sick Monkeys batting - Pitching for Punta Cana Hutias : RHP Jeff McIntosh
Batting: RHB Arlen Jones 0-0: Ball
1-0: Ball
2-0: Swinging Strike
2-1: Ball
3-1: Called Strike
3-2: Strikes out swinging
Batting: RHB Dan McKay 0-0: Ball
1-0: Ball
2-0: Foul Ball, location: 2F
2-1: SOLO HOME RUN (Flyball, 7D), Distance : 396 ft
Batting: RHB Lyle Jackson 0-0: Ball
1-0: Ball
2-0: Swinging Strike
2-1: Foul Ball, location: 2F
2-2: Foul Ball, location: 2F
2-2: Fly out, F8 (Flyball, 8LD)
Batting: SHB Keith Hale 0-0: Ball
1-0: Called Strike
1-1: Foul Ball, location: 2F
1-2: DOUBLE (Groundball, 3L)
Batting: SHB Jorge Maldonado 0-0: Called Strike
0-1: Ball
1-1: Foul Ball, location: 2F
1-2: SINGLE (Groundball, 4D)
Keith Hale to third
Runner from 3rd tries for Home, SAFE, no throw
Batting: RHB José Sosa 0-0: Ball
Wild Pitch!
Jorge Maldonado to second
1-0: Ball
2-0: Swinging Strike
2-1: Called Strike
2-2: Ball
3-2: Strikes out swinging
Top of the 2nd over - 2 run(s), 3 hit(s), 0 error(s), 1 left on base; Rancho Cucamonga 2 - Punta Cana 0
BOTTOM OF THE 2ND
Punta Cana Hutias batting - Pitching for Rancho Cucamonga Sick Monkeys : LHP Elmer Ramírez
Batting: RHB Vicente Rosales 0-0: Ball
1-0: Ball
2-0: Called Strike
2-1: Foul Ball, location: 2F
2-2: Strikes out swinging
Batting: LHB Dave Watkins 0-0: Ball
1-0: DOUBLE (Line Drive, 9LM)
Batting: SHB Brian Jackson 0-0: Called Strike
Dave Watkins steals 3rd base
0-1: Swinging Strike
0-2: Ball
1-2: Strikes out swinging
Batting: LHB Luis Martínez 0-0: Ball
1-0: Swinging Strike
1-1: Swinging Strike
1-2: Strikes out looking
Bottom of the 2nd over - 0 run(s), 1 hit(s), 0 error(s), 1 left on base; Rancho Cucamonga 2 - Punta Cana 0
TOP OF THE 3RD
Rancho Cucamonga Sick Monkeys batting - Pitching for Punta Cana Hutias : RHP Jeff McIntosh
Batting: LHB José Esparza 0-0: Called Strike
0-1: Ball
1-1: Foul Ball, location: 2F
1-2: Ball
2-2: Foul Ball, location: 2F
2-2: Ball
3-2: Base on Balls
Batting: LHB Carl Hayden 0-0: Called Strike
0-1: Foul Ball, location: 2F
0-2: Strikes out swinging
Batting: LHB Paul Holcomb 0-0: Ball
1-0: Ball
2-0: Called Strike
2-1: Fielders Choice at 2nd, 6-4 (Groundball, 6)
Batting: RHB Arlen Jones 0-0: Ball
1-0: Foul Ball, location: 2F
1-1: Ball
2-1: Foul Ball, location: 2F
2-2: Strikes out swinging
Top of the 3rd over - 0 run(s), 0 hit(s), 0 error(s), 1 left on base; Rancho Cucamonga 2 - Punta Cana 0
BOTTOM OF THE 3RD
Punta Cana Hutias batting - Pitching for Rancho Cucamonga Sick Monkeys : LHP Elmer Ramírez
Batting: RHB Marcus Pittman 0-0: Ball
1-0: Ball
2-0: Ball
3-0: Called Strike
3-1: Base on Balls
Batting: RHB Stephen Welshman 0-0: Ball
1-0: Ball
2-0: Foul Ball, location: 2F
2-1: Fly out, F1 (Line Drive, 15)
Lined into DP, 1-3 (Line Drive, 15)
Batting: RHB Argan Kamuliva 0-0: Ball
1-0: Fly out, F9 (Flyball, 9LMF)
Bottom of the 3rd over - 0 run(s), 0 hit(s), 0 error(s), 0 left on base; Rancho Cucamonga 2 - Punta Cana 0
TOP OF THE 4TH
Rancho Cucamonga Sick Monkeys batting - Pitching for Punta Cana Hutias : RHP Jeff McIntosh
Batting: RHB Dan McKay 0-0: Ball
1-0: SINGLE (Groundball, 4M) (infield hit)
Batting: RHB Lyle Jackson 0-0: Ball
Dan McKay steals 2nd base
1-0: Ball
2-0: Ground out 5-3 (Groundball, 56)
Batting: SHB Keith Hale 0-0: Called Strike
0-1: Ball
1-1: Foul Ball, location: 2F
1-2: Strikes out swinging
Batting: SHB Jorge Maldonado 0-0: Called Strike
0-1: Ball
1-1: Ground out 4-3 (Groundball, 4)
Top of the 4th over - 0 run(s), 1 hit(s), 0 error(s), 1 left on base; Rancho Cucamonga 2 - Punta Cana 0
BOTTOM OF THE 4TH
Punta Cana Hutias batting - Pitching for Rancho Cucamonga Sick Monkeys : LHP Elmer Ramírez
Batting: RHB Ricardo Murillo 0-0: Ground out 5-3 (Groundball, 56)
Batting: RHB Mike Martínez 0-0: Ground out 4-3 (Groundball, 4M)
Batting: RHB Vicente Rosales 0-0: Called Strike
0-1: Foul Ball, location: 2F
0-2: Ball
1-2: Foul Ball, location: 2F
1-2: Ball
2-2: Foul Ball, location: 2F
2-2: Ball
3-2: SINGLE (Groundball, 6) (infield hit)
Batting: LHB Dave Watkins 0-0: Called Strike
0-1: Foul Ball, location: 2F
0-2: Ball
1-2: Fly out, F8 (Line Drive, 8LM)
Bottom of the 4th over - 0 run(s), 1 hit(s), 0 error(s), 1 left on base; Rancho Cucamonga 2 - Punta Cana 0
TOP OF THE 5TH
Rancho Cucamonga Sick Monkeys batting - Pitching for Punta Cana Hutias : RHP Jeff McIntosh
Batting: RHB José Sosa 0-0: Called Strike
0-1: Foul Ball, location: 2F
0-2: Strikes out swinging
Batting: LHB José Esparza 0-0: Swinging Strike
0-1: Ball
1-1: Called Strike
1-2: Ball
2-2: Foul Ball, location: 2F
2-2: Foul Ball, location: 2F
2-2: DOUBLE (Groundball, 3L)
Pitching: LHP Martín Casillas
Batting: LHB Carl Hayden 0-0: Foul Ball, location: 2F
0-1: Foul Ball, location: 2F
0-2: Strikes out looking
Batting: LHB Paul Holcomb 0-0: Called Strike
0-1: SINGLE (Flyball, 8LS)
José Esparza to third
Runner from 3rd tries for Home, SAFE, no throw
Batting: RHB Arlen Jones 0-0: Ball
1-0: Ball
2-0: Ball
3-0: Base on Balls
Paul Holcomb to second
Batting: RHB Dan McKay 0-0: Ball
1-0: 3-RUN HOME RUN (Flyball, 8LXD), Distance : 440 ft
Pitching: RHP Ed Castillo
Batting: RHB Lyle Jackson 0-0: Swinging Strike
0-1: Ground out 6-3 (Groundball, 6)
Top of the 5th over - 4 run(s), 3 hit(s), 0 error(s), 0 left on base; Rancho Cucamonga 6 - Punta Cana 0
BOTTOM OF THE 5TH
Punta Cana Hutias batting - Pitching for Rancho Cucamonga Sick Monkeys : LHP Elmer Ramírez
Batting: SHB Brian Jackson 0-0: Called Strike
0-1: Ball
1-1: Fly out, F8 (Flyball, 8RM)
Batting: LHB Luis Martínez 0-0: Called Strike
0-1: Foul Ball, location: 2F
0-2: Ball
1-2: Strikes out swinging
Batting: RHB Marcus Pittman 0-0: Ball
1-0: SINGLE (Groundball, 56S) (infield hit)
Batting: RHB Stephen Welshman 0-0: Ball
1-0: Ball
2-0: SINGLE (Line Drive, 8LM)
Marcus Pittman to second
Batting: RHB Argan Kamuliva 0-0: Ball
1-0: Called Strike
1-1: Ball
2-1: Foul Ball, location: 2F
2-2: Foul Ball, location: 2F
2-2: Foul Ball, location: 2F
2-2: Foul Ball, location: 2F
2-2: Strikes out swinging
Bottom of the 5th over - 0 run(s), 2 hit(s), 0 error(s), 2 left on base; Rancho Cucamonga 6 - Punta Cana 0
TOP OF THE 6TH
Rancho Cucamonga Sick Monkeys batting - Pitching for Punta Cana Hutias : RHP Ed Castillo
Batting: SHB Keith Hale 0-0: Called Strike
0-1: Fly out, F2 (Popup, 23)
Batting: SHB Jorge Maldonado 0-0: Fly out, F4 (Line Drive, 4M)
Batting: RHB José Sosa 0-0: Ball
1-0: Ball
2-0: SOLO HOME RUN (Flyball, 7D), Distance : 401 ft
Batting: LHB José Esparza 0-0: Ground out 3-1 (Groundball, 34)
Top of the 6th over - 1 run(s), 1 hit(s), 0 error(s), 0 left on base; Rancho Cucamonga 7 - Punta Cana 0
BOTTOM OF THE 6TH
Punta Cana Hutias batting - Pitching for Rancho Cucamonga Sick Monkeys : LHP Elmer Ramírez
Batting: RHB Ricardo Murillo 0-0: Called Strike
0-1: Foul Ball, location: 2F
0-2: SINGLE (Line Drive, 8LS)
Batting: RHB Mike Martínez 0-0: Ball
1-0: Ball
2-0: 2-RUN HOME RUN (Flyball, 7LD), Distance : 382 ft
Batting: RHB Vicente Rosales 0-0: Called Strike
0-1: Called Strike
0-2: Ball
1-2: Foul Ball, location: 2F
1-2: Ground out 6-3 (Groundball, 6)
Pitching: RHP Clyde Fisher
Batting: LHB Dave Watkins 0-0: Ball
1-0: Ball
2-0: Called Strike
2-1: SINGLE (Line Drive, 4M)
Batting: SHB Brian Jackson 0-0: Called Strike
0-1: Fly out, F7 (Flyball, 7)
Batting: LHB Luis Martínez 0-0: Called Strike
0-1: Ball
1-1: Foul Ball, location: 2F
1-2: Ball
2-2: Foul Ball, location: 2F
2-2: Strikes out swinging
Bottom of the 6th over - 2 run(s), 3 hit(s), 0 error(s), 1 left on base; Rancho Cucamonga 7 - Punta Cana 2
TOP OF THE 7TH
Rancho Cucamonga Sick Monkeys batting - Pitching for Punta Cana Hutias : RHP Ed Castillo
Batting: LHB Carl Hayden 0-0: Ball
1-0: Ball
2-0: Foul Ball, location: 2F
2-1: Ball
3-1: Swinging Strike
3-2: Fly out, F8 (Flyball, 8LS)
Batting: LHB Paul Holcomb 0-0: Swinging Strike
0-1: Foul Ball, location: 2F
0-2: Foul Ball, location: 2F
0-2: Foul Ball, location: 2F
0-2: Foul Ball, location: 2F
0-2: Ball
1-2: Ball
2-2: Foul Ball, location: 2F
2-2: Strikes out swinging
Batting: RHB Arlen Jones 0-0: Ball
1-0: Ball
2-0: Ground out 5-3 (Groundball, 56)
Top of the 7th over - 0 run(s), 0 hit(s), 0 error(s), 0 left on base; Rancho Cucamonga 7 - Punta Cana 2
BOTTOM OF THE 7TH
Punta Cana Hutias batting - Pitching for Rancho Cucamonga Sick Monkeys : RHP Clyde Fisher
Batting: RHB Marcus Pittman 0-0: Ball
1-0: Fly out, F7 (Flyball, 7)
Batting: RHB Stephen Welshman 0-0: Called Strike
0-1: Fly out, F8 (Flyball, 8RS)
Batting: RHB Argan Kamuliva 0-0: Ball
1-0: Ball
2-0: Fly out, F9 (Flyball, 9)
Bottom of the 7th over - 0 run(s), 0 hit(s), 0 error(s), 0 left on base; Rancho Cucamonga 7 - Punta Cana 2
TOP OF THE 8TH
Rancho Cucamonga Sick Monkeys batting - Pitching for Punta Cana Hutias : RHP Ed Castillo
Batting: RHB Dan McKay 0-0: Ball
1-0: Ball
2-0: Called Strike
2-1: Ball
3-1: Base on Balls
Batting: RHB Lyle Jackson 0-0: Swinging Strike
0-1: Ground out 3-1 (Groundball, 34S)
Dan McKay to second
Batting: SHB Keith Hale 0-0: Swinging Strike
0-1: Ball
1-1: Foul Ball, location: 2F
1-2: Ball
2-2: Ball
3-2: Strikes out swinging
Batting: SHB Jorge Maldonado 0-0: Ball
1-0: Ball
2-0: Called Strike
2-1: SINGLE (Line Drive, 56D)
Dan McKay to third
Batting: RHB José Sosa 0-0: Foul Ball, location: 2F
0-1: Ball
1-1: Foul Ball, location: 2F
1-2: Strikes out swinging
Top of the 8th over - 0 run(s), 1 hit(s), 0 error(s), 2 left on base; Rancho Cucamonga 7 - Punta Cana 2
BOTTOM OF THE 8TH
Punta Cana Hutias batting - Pitching for Rancho Cucamonga Sick Monkeys : RHP Clyde Fisher
Now in LF: Roberto Quiñones
Batting: RHB Ricardo Murillo 0-0: Called Strike
0-1: Ball
1-1: Ball
2-1: SINGLE (Groundball, 56D)
Batting: RHB Mike Martínez 0-0: Ball
1-0: Foul Ball, location: 2F
1-1: Ball
2-1: Fly out, F8 (Flyball, 8LD)
Batting: RHB Vicente Rosales 0-0: Ball
1-0: Foul Ball, location: 2F
1-1: Ball
2-1: Swinging Strike
2-2: SINGLE (Groundball, 6D)
Ricardo Murillo to second
Batting: LHB Dave Watkins 0-0: Foul Ball, location: 2F
0-1: Ball
1-1: Swinging Strike
1-2: Ball
2-2: SINGLE (Line Drive, 89S)
Ricardo Murillo to third
Vicente Rosales to second
Pitching: RHP Harry Cuevas
Batting: SHB Brian Jackson 0-0: Swinging Strike
0-1: Ball
1-1: Called Strike
1-2: Ball
2-2: Foul Ball, location: 2F
2-2: Strikes out looking
Batting: LHB Luis Martínez 0-0: Called Strike
0-1: Ball
1-1: Ball
2-1: Ground out 1-3 (Groundball, 15S)
Bottom of the 8th over - 0 run(s), 3 hit(s), 0 error(s), 3 left on base; Rancho Cucamonga 7 - Punta Cana 2
TOP OF THE 9TH
Rancho Cucamonga Sick Monkeys batting - Pitching for Punta Cana Hutias : RHP Ed Castillo
Pitching: RHP Steve Harris
Batting: LHB José Esparza 0-0: Called Strike
0-1: Called Strike
0-2: Ball
1-2: Strikes out swinging
Batting: LHB Carl Hayden 0-0: Ball
1-0: Called Strike
1-1: SOLO HOME RUN (Flyball, 7D), Distance : 390 ft
Batting: LHB Paul Holcomb 0-0: Ball
1-0: Called Strike
1-1: Ball
2-1: Ball
3-1: Foul Ball, location: 2F
3-2: Base on Balls
Batting: RHB Arlen Jones 0-0: Ball
1-0: Called Strike
Paul Holcomb steals 2nd base
1-1: Called Strike
1-2: Foul Ball, location: 2F
1-2: Foul Ball, location: 2F
1-2: Ball
2-2: Ball
3-2: Base on Balls
Batting: RHB Dan McKay 0-0: Ball
1-0: Ball
2-0: Ball
3-0: Base on Balls
Paul Holcomb to third
Arlen Jones to second
Batting: RHB Roberto Quiñones 0-0: Ball
1-0: Ball
2-0: Swinging Strike
2-1: Swinging Strike
2-2: Foul Ball, location: 2F
2-2: Ball
3-2: Foul Ball, location: 2F
3-2: Strikes out swinging
Batting: SHB Keith Hale 0-0: Swinging Strike
0-1: Ball
1-1: Called Strike
1-2: Ball
2-2: Strikes out swinging
Top of the 9th over - 1 run(s), 1 hit(s), 0 error(s), 3 left on base; Rancho Cucamonga 8 - Punta Cana 2
BOTTOM OF THE 9TH
Punta Cana Hutias batting - Pitching for Rancho Cucamonga Sick Monkeys : RHP Harry Cuevas
Now at C: Jesús Ríos
Now at 3B: Júlio García
Now in RF: Jesús Miranda
Batting: RHB Marcus Pittman 0-0: SOLO HOME RUN (Flyball, 9D), Distance : 384 ft
Batting: RHB Stephen Welshman 0-0: Ball
1-0: Ball
2-0: SINGLE (Line Drive, 34D)
Batting: RHB Argan Kamuliva 0-0: Ball
1-0: Ball
2-0: Swinging Strike
2-1: Foul Ball, location: 2F
2-2: Foul Ball, location: 2F
2-2: Ball
3-2: Strikes out looking
Pitching: RHP Carlos Domínguez
Batting: RHB Ricardo Murillo 0-0: Ball
1-0: SINGLE (Groundball, 6MD)
Stephen Welshman to second
Batting: RHB Mike Martínez 0-0: Ball
1-0: Ball
2-0: Called Strike
2-1: Ball
3-1: Foul Ball, location: 2F
3-2: Fly out, F7 (Flyball, 7)
Batting: RHB Vicente Rosales 0-0: Ball
1-0: Swinging Strike
1-1: Called Strike
1-2: Ball
2-2: Ball
3-2: Foul Ball, location: 2F
3-2: 3-RUN HOME RUN (Flyball, 7D), Distance : 398 ft
Batting: LHB Dave Watkins 0-0: Called Strike
0-1: Ball
1-1: Ball
2-1: Swinging Strike
2-2: Ground out 5-3 (Groundball, 56S)
Bottom of the 9th over - 4 run(s), 4 hit(s), 0 error(s), 0 left on base; Rancho Cucamonga 8 - Punta Cana 6
Tuesday, August 8th, 2017 - OOTP Baseball 17.12 Build 75